Map: Year Zero LE

Players

Rail - Winner!

  • Race: Protoss Protoss
  • League: Grandmaster
  • Spawn Location: 1:00

PtitDrogo

  • Race: Protoss Protoss
  • League: Grandmaster
  • Spawn Location: 11:00

Event: 2019 WCS Winter Europe

VOD

Have the link to the VOD?

Description

Time

  • Played on: March 24, 2019, 9:15 a.m.
  • Length: 9:27

All games in this series

Show
View Real Time Build Order
Export as new Build Order

Rail Protoss - Winner!

Build Orders: Phoenix Opening, Zealot Archon 

Get SALT Encoding   

  12  0:00  Probe  
  13  0:12  Probe  
  14  0:18  Pylon  
  14  0:24  Probe  
  15  0:32  Probe  
  15  0:38  Gateway  
  15  0:40  Probe  
  16  0:47  Assimilator  
  17  0:51  Probe  
  18  0:59  Probe  
  19  1:04  Gateway  
  19  1:07  Probe  
  20  1:13  Assimilator  
  20  1:17  Probe  
  21  1:26  Cybernetics Core  
  21  1:29  Probe  
  22  1:35  Pylon  
  22  1:41  Probe  
  23  1:53  Probe  
  24  2:03  Warp Gate, Adept x2  
  24  2:06  Probe  
  29  2:10  Pylon  
  29  2:28  Stargate  
  29  2:49  Nexus  
  29  2:52  Probe  
  29  2:54  Sentry  
  32  3:03  Phoenix  
  32  3:04  Probe  
  35  3:15  Pylon  
  35  3:17  Probe  
  36  3:24  Phoenix  
  38  3:39  Probe  
  39  3:41  Phoenix  
  39  3:51  Probe  
  39  3:52  Forge  
  42  3:59  Robotics Facility  
  42  4:03  Probe x2  
  44  4:11  Probe x2  
  44  4:15  Protoss Ground Weapons Level 1  
  46  4:19  Probe x2  
  48  4:30  Probe  
  48  4:31  Probe  
  50  4:40  Assimilator  
  50  4:42  Assimilator, Probe  
  50  4:43  Probe  
  52  4:49  Immortal  
  56  4:54  Probe  
  56  4:55  Probe, Pylon  
  56  4:59  Pylon  
  58  5:03  Probe  
  58  5:06  Probe  
  59  5:10  Twilight Council  
  60  5:18  Probe  
  62  5:21  Gateway  
  62  5:22  Gateway  
  61  5:30  Protoss Ground Weapons Level 2  
  61  5:32  Immortal  
  65  5:41  Pylon  
  65  5:50  Charge  
  65  5:53  Templar Archives  
  65  5:57  Gateway x2  
  65  6:07  Gateway  
  65  6:09  Gateway  
  65  6:11  Warp Prism  
  65  6:12  Zealot  
  65  6:17  Pylon  
  69  6:19  Zealot  
  71  6:27  Zealot x2  
  75  6:36  Zealot, Pylon  
  75  6:37  Pylon  
  77  6:40  Zealot  
  79  6:48  High Templar x2  
  79  6:52  Archon  
  79  6:53  High Templar x2  
  87  6:58  Pylon  
  87  7:00  Pylon, Archon  
  87  7:02  Zealot x3  
  87  7:05  Zealot  
  95  7:13  Pylon  
  95  7:20  High Templar x2  
  99  7:23  Zealot x3  
  99  7:25  Archon  
  99  7:26  Zealot  
  99  7:28  Sentry  
  109  7:30  Zealot  
  111  7:43  Zealot  
  111  7:44  Zealot x2  
  117  7:48  Zealot  
  117  7:51  High Templar x2  
  121  7:53  Zealot  
  121  7:54  Zealot  
  121  7:56  Archon  
  127  8:06  Zealot x3  
  108  8:15  Zealot x2  
  108  8:19  Zealot  
  98  8:25  Zealot x2  
  86  8:33  Zealot, High Templar x2  
  84  8:36  Zealot  
  84  8:39  Archon  
  84  8:40  Zealot  
  84  8:54  Zealot x2, High Templar x2  
  90  8:59  Zealot  
  90  9:00  Archon  
  90  9:01  Zealot  
Show
View Real Time Build Order
Export as new Build Order

PtitDrogo Protoss 

Build Orders: Zealot Archon 

Get SALT Encoding   

  12  0:00  Probe  
  13  0:12  Probe  
  14  0:17  Pylon  
  14  0:24  Probe  
  15  0:32  Probe  
  15  0:39  Gateway  
  15  0:40  Probe  
  16  0:46  Assimilator  
  17  0:51  Probe  
  17  0:55  Assimilator  
  18  0:59  Probe  
  19  1:07  Probe  
  20  1:15  Gateway  
  20  1:17  Probe  
  21  1:26  Cybernetics Core  
  21  1:29  Probe  
  22  1:35  Pylon  
  22  1:41  Probe  
  23  1:53  Probe  
  23  1:54  Warp Gate  
  24  2:02  Stalker  
  24  2:03  Sentry  
  24  2:07  Probe  
  29  2:17  Pylon  
  29  2:32  Stalker  
  29  2:35  Stalker  
  33  2:49  Nexus  
  33  2:55  Shield Battery  
  32  2:59  Probe  
  33  3:07  Sentry x2  
  37  3:13  Pylon  
  37  3:15  Probe  
  38  3:27  Probe  
  38  3:28  Shield Battery  
  39  3:36  Probe  
  39  3:37  Forge  
  40  3:44  Probe  
  41  3:50  Stalker  
  41  3:53  Probe  
  41  3:54  Stalker  
  45  3:57  Probe  
  45  4:01  Protoss Ground Weapons Level 1  
  45  4:02  Probe  
  47  4:05  Probe  
  49  4:10  Probe  
  49  4:15  Stalker, Probe  
  52  4:20  Probe  
  54  4:27  Probe  
  55  4:32  Probe  
  55  4:37  Pylon  
  55  4:39  Probe  
  55  4:42  Assimilator  
  55  4:44  Probe  
  55  4:45  Assimilator  
  57  4:47  Twilight Council  
  57  4:51  Probe  
  57  4:56  Probe  
  57  4:59  Robotics Facility  
  58  5:00  Probe  
  59  5:08  Probe x2  
  59  5:11  Gateway  
  59  5:12  Gateway  
  61  5:18  Probe  
  61  5:20  Probe  
  63  5:23  Charge  
  63  5:24  Protoss Ground Weapons Level 2  
  63  5:25  Templar Archives  
  63  5:30  Probe  
  63  5:32  Probe  
  65  5:36  Gateway  
  65  5:39  Gateway  
  64  5:52  Observer  
  65  5:58  Gateway x2  
  65  6:06  Nexus  
  65  6:09  Pylon  
  65  6:15  Warp Prism  
  67  6:21  Pylon  
  67  6:22  Pylon  
  67  6:31  High Templar x4  
  75  6:33  Zealot  
  75  6:36  Archon x2  
  75  6:38  Pylon  
  77  6:44  Zealot  
  79  6:54  Zealot x2  
  79  6:55  Zealot  
  79  6:58  Pylon  
  85  7:01  Pylon  
  85  7:04  High Templar  
  85  7:05  Zealot x2, High Templar  
  85  7:08  Zealot  
  95  7:09  Archon  
  95  7:15  Probe x2  
  97  7:18  Zealot x2  
  97  7:19  Zealot  
  103  7:26  High Templar x2  
  107  7:30  Archon  
  107  7:34  Zealot  
  107  7:37  Zealot x2  
  107  7:41  Zealot x3  
  113  7:46  Zealot x2  
  113  7:50  Pylon  
  117  7:54  Zealot  
  119  8:05  Zealot x3  
  111  8:13  Zealot x3  
  91  8:21  Zealot x2  
  75  8:28  Zealot x3  
  75  8:31  Probe  
  62  8:36  High Templar x2  
  62  8:37  High Templar  
  62  8:40  Archon  
  64  8:41  High Templar  
  64  8:42  Zealot  
  68  8:48  Archon  
  60  8:57  Zealot x3  
Tags
 
Add a new tag
Caveats
  • Supply blocks, unpowered buildings, or Contaminate may cause inaccurate times.
  • Supply counts are checked every 10 seconds.